details: 'dogs2'

« prev index next »

General information

Mini Map

Players

team 1
OrcTALONSAREIMBA (blue | 182 APM | 2389 actions | 13:08)
Hero icon 4 Blademaster
Ability icon 2 Wind Walk
Ability icon 2 Critical Strike
Hero icon 2 Shadow Hunter
Ability icon 1 Hex
Ability icon 1 Healing Wave

» actions
Assign group hotkey19
Basic commands114
Build / train44
ESC pressed1
Enter build submenu12
Enter hero's abilities submenu6
Right click1187
Select / deselect441
Select group hotkey504
Use ability61
2389 total
» units
Peon8
Grunt10
Raider5
23 total
» upgrades
Berserker Strength1
Ensnare1
Spirit Walker Training1
3 total
» buildings
Altar of Storms2
Orc Burrow5
Barracks1
Voodoo Lounge1
Stronghold2
Beastiary1
Spirit Lodge1
Fortress1
War Mill1
15 total
» build order
00:03 Altar of Storms
00:04 Altar of Storms
00:06 Orc Burrow
00:22 Barracks
01:41 Orc Burrow
01:55 Voodoo Lounge
03:22 Stronghold
03:22 Stronghold
04:11 Orc Burrow
06:25 Beastiary
07:20 Orc Burrow
10:25 Spirit Lodge
11:13 Fortress
11:32 War Mill
11:37 Orc Burrow
» items
Healing Salve3
Lesser Clarity Potion2
Potion of Healing1
6 total
team 2
Random» Orclichsaintb (green | 57 APM | 746 actions | 13:07)
Hero icon 2 Far Seer
Ability icon 1 Feral Spirit
Ability icon 1 Chain Lighting

» actions
Assign group hotkey7
Basic commands45
Build / train44
Enter build submenu12
Enter hero's abilities submenu2
Remove unit from queue1
Right click361
Select / deselect212
Select group hotkey8
Use ability54
746 total
» units
Peon6
Grunt11
Raider2
Kodo Beast1
20 total
» upgrades
Pillage1
Melee Weapons2
Armor2
Berserker Strength1
Ensnare1
7 total
» buildings
Altar of Storms1
Orc Burrow4
Voodoo Lounge1
Barracks1
War Mill1
Stronghold2
Watch Tower1
Beastiary1
12 total
» build order
00:08 Altar of Storms
00:11 Orc Burrow
01:13 Voodoo Lounge
01:25 Barracks
01:45 Orc Burrow
01:55 War Mill
04:13 Stronghold
04:13 Stronghold
06:26 Orc Burrow
06:29 Orc Burrow
06:33 Watch Tower
09:32 Beastiary
» items
Healing Salve3
Lesser Clarity Potion3
Scroll of Town Portal2
Scroll of Speed1
Potion of Healing1
10 total